 Dungeon Crawl Stone Soup version 0.21.0 (webtiles) character file.

207 quantumfuzzball the Sneak (level 5, -4/24 HPs)
             Began as a Spriggan Enchanter on Jan 8, 2018.
             Slain by face's ghost (8 damage)
             ... on level 4 of the Dungeon.
             The game lasted 00:11:23 (5301 turns).

quantumfuzzball the Sneak (Spriggan Enchanter)      Turns: 5301, Time: 00:11:23

Health: -4/24      AC:  3    Str:  4    XL:     5   Next: 54%
Magic:  11/11      EV: 20    Int: 17    God:
Gold:   178        SH:  0    Dex: 17    Spells: 2/11 levels left

rFire    + . .     SeeInvis +   h - +0 short sword (freeze)
rCold    . . .     Gourm    .   (shield restricted)
rNeg     . . .     Faith    .   b - +0 robe
rPois    .         Spirit   .   (helmet restricted)
rElec    .         Reflect  .   s - +0 cloak
rCorr    .         Harm     .   (gloves unavailable)
MR       .....                  (boots unavailable)
Stlth    +++.......             (no amulet)
HPRegen  0.08/turn              o - ring of protection from fire
MPRegen  0.12/turn              (no ring)

@: very quick
A: very small, unfitting armour, see invisible, herbivore, speed 3, slow
metabolism 2
a: no special abilities


You were on level 4 of the Dungeon.
You were not hungry.

You visited 1 branch of the dungeon, and saw 4 of its levels.

You collected 178 gold pieces.

Inventory:

Hand Weapons
 a - a +1 dagger
 h - a +0 short sword of freezing (weapon)
Armour
 b - a +0 robe (worn)
 s - a +0 cloak (worn)
Jewellery
 o - a ring of protection from fire (left hand)
Wands
 m - a wand of paralysis (10)
 t - a wand of iceblast (7)
Scrolls
 e - 3 scrolls of remove curse {unknown}
 i - a scroll of enchant weapon {unknown}
 j - 3 scrolls of teleportation {unknown}
 l - 3 scrolls of identify {unknown}
 p - 4 scrolls of immolation {unknown}
 q - a scroll of magic mapping {unknown}
Potions
 f - a potion of degeneration {unknown}
 g - a potion of lignification {unknown}
 k - a potion of heal wounds {unknown}
 n - 2 potions of curing {unknown}
 r - a potion of invisibility {unknown}
Books
 c - a book of Maledictions

   Spells                             Type                      Level
   a - Corona                         Hexes                        1
   b - Ensorcelled Hibernation        Hexes/Ice                    2
   c - Confuse                        Hexes                        3
   d - Tukima's Dance                 Hexes                        3
   e - Dazzling Spray                 Conjuration/Hexes            3
Comestibles
 d - 5 rations


   Skills:
 + Level 2.7 Short Blades
 + Level 4.6 Dodging
 + Level 5.8 Stealth
 + Level 3.9 Spellcasting
 + Level 4.7 Hexes


You had 2 spell levels left.
You knew the following spells:

 Your Spells              Type           Power        Failure   Level  Hunger
a - Corona                Hex            ###....      2%          1    None
b - Ensorcelled Hibernat  Hex/Ice        ##....       9%          2    ##.....
c - Confuse               Hex            ###.....     7%          3    ###....
d - Dazzling Spray        Conj/Hex       ##....       19%         3    ###....


Dungeon Overview and Level Annotations

Branches:
Dungeon (4/15)
 Temple: D:4-7

Altars:
Ru
Xom

Annotations:
D:4 face's ghost, amateur TrBe


Innate Abilities, Weirdness & Mutations

You are very small and have problems with some larger weapons.
You are too small for most types of armour.
You have supernaturally acute eyesight. (SInv)
You are a herbivore.
You cover ground extremely quickly.
You need consume almost no food.


Message History

Press: ? - help, Shift-Dir - straight line, f/p - face's ghost
Aim: face's ghost (heavily damaged, confused)
The spray of energy hits face's ghost.
Face's ghost is heavily damaged.
Face's ghost seems less confused.
There is a stone staircase leading up, spattered with blood here.
You climb upwards.
There is a stone staircase leading down here.
You start resting.
Magic restored.
You start resting.
HP restored.
You climb downwards.
Level annotation: face's ghost, amateur TrBe Face's ghost completely misses you.
Face's ghost hits you!!
Ouch! That really hurt!
* * * LOW HITPOINT WARNING * * *
There is a stone staircase leading up, spattered with blood here.
Face's ghost hits you!
You die...

#### ######## ##..#
#....... #.#@#
#....... #.#W##
#....... #.##.#
##...... #.##.##
##..... #.##..#
##..... #..##.#
#.>.... #..##.##
##..#... ##..###.####
#...##..
#....##....###...####


You could see face's ghost.

Vanquished Creatures
  A hound (D:4)
  Ijyb (D:4)
  A worker ant (D:4)
  6 adders
  An ooze (D:3)
  2 worms
  2 leopard geckos (D:4)
  7 orcs
  2 ball pythons
  2 giant cockroaches
  6 goblins
  2 hobgoblins
  10 jackals
  3 kobolds
  2 quokkas
  A bat (D:1)
  2 frilled lizards (D:4)
  3 rats
54 creatures vanquished.

Notes
Turn   | Place    | Note
-------+----------+-------------------------------------------
     0 | D:1      | quantumfuzzball the Spriggan Enchanter began the quest for the Orb.
     0 | D:1      | Reached XP level 1. HP: 9/9 MP: 5/5
  1019 | D:1      | Reached XP level 2. HP: 13/13 MP: 6/6
  1023 | D:1      | Learned a level 2 spell: Ensorcelled Hibernation
  1933 | D:2      | Found a sacrificial altar of Ru.
  2071 | D:2      | Reached XP level 3. HP: 16/16 MP: 5/8
  2301 | D:2      | Reached skill level 5 in Stealth
  2843 | D:3      | Reached XP level 4. HP: 21/21 MP: 10/10
  3027 | D:3      | Found a shimmering altar of Xom.
  4037 | D:4      | Noticed Ijyb
  4037 | D:4      | Paralysed by Ijyb for 7 turns
  4055 | D:4      | Paralysed by Ijyb for 2 turns
  4157 | D:4      | Paralysed by Ijyb for 7 turns
  4166 | D:4      | Paralysed by Ijyb for 4 turns
  4171 | D:4      | Killed Ijyb
  4171 | D:4      | Reached XP level 5. HP: 21/24 MP: 1/11
  4657 | D:4      | Noticed face's ghost (amateur TrBe)
  4922 | D:4      | Learned a level 3 spell: Confuse
  4926 | D:4      | Learned a level 3 spell: Dazzling Spray
  5301 | D:4      | Slain by face's ghost

Skill      XL: |  1  2  3  4 |
---------------+-------------+-----
Spellcasting   | 3 |  3.9
Hexes          | 4 |  4.7
Stealth        | 5 |  5.8
Short Blades   | 2 |  2.7
Dodging        | 4 |  4.6

Action                   |  1- 3 |  4- 6 || total
-------------------------+-------+-------++-------
Melee: Dagger            |    16 |       ||    16
       Short sword       |    69 |    65 ||   134
 Cast: Corona            |    11 |    10 ||    21
       Ensorcelled Hiber |    24 |    38 ||    62
       Confuse           |       |     3 ||     3
       Dazzling Spray    |       |     1 ||     1
 Stab: Sleeping          |    17 |    23 ||    40
       Confused          |       |     1 ||     1
  Eat: Ration            |       |     3 ||     3
Armor: Robe              |    15 |     8 ||    23
Dodge: Dodged            |   104 |    69 ||   173
